 Dungeon Crawl Stone Soup version 0.30-a0-421-g7324886 (webtiles) character file.

Game seed: 12082561964653007641

22124 Dorkslayer the Cleaver (level 12, -2/74 HPs)
             Began as a Gargoyle Fighter on Dec 8, 2022.
             Was an Initiate of Gozag.
             Killed by divine providence
             ... invoked by a smoke demon
              (15 damage)
             ... on level 2 of the Orcish Mines on Dec 9, 2022.
             The game lasted 00:50:05 (12702 turns).

Dorkslayer the Cleaver (Gargoyle Fighter)          Turns: 12702, Time: 00:50:06

Health: -2/74      AC: 26    Str: 22      XL:     12   Next: 97%
Magic:  12/12      EV: 11    Int: 13      God:    Gozag
Gold:   901        SH: 11    Dex: 15 (16) Spells: 11/11 levels left

rFire   . . .      SeeInvis .    O - +1 broad axe (vorpal)
rCold   . . .      Faith    .    c - +0 buckler
rNeg    + . .      Spirit   .    L - +0 plate armour
rPois   ∞          Reflect  +    u - +2 helmet
rElec   +          Harm     .    C - +0 cloak
rCorr   .          Rampage  .    (no gloves)
Will    .....                    (no boots)
Stlth   ..........               K - amulet of reflection
HPRegen 0.32/turn                x - +4 ring of evasion
MPRegen 0.13/turn                r - +6 ring of dexterity

@: gold aura, flying
A: sickness immunity, AC +8, negative energy resistance 1, electricity
resistance, torment resistance 1, petrification resistance, big wings, clever 1,
deterioration 1
a: Renounce Religion, Potion Petition, Call Merchant, Bribe Branch


You were on level 2 of the Orcish Mines.
You worshipped Gozag.
Gozag was pleased with you.
You visited 3 branches of the dungeon, and saw 14 of its levels.
You also visited: Sewer.

You collected 2286 gold pieces.
You spent 1132 gold pieces at shops.
You paid 253 gold pieces to Gozag.

Inventory:

Hand Weapons
 a - a +0 war axe
 d - a +0 scimitar of flaming
 m - a +3 flail of freezing
 t - a +2 falchion of holy wrath
 G - a +2 sling of flaming
 O - a +1 vorpal broad axe (weapon)
Missiles
 D - 4 curare-tipped darts
 M - 20 boomerangs (quivered)
 P - 5 javelins
Armour
 c - a +0 buckler (worn)
 u - a +2 helmet (worn)
 C - a +0 cloak (worn)
 L - a +0 plate armour (worn)
Jewellery
 l - a ring of resist corrosion
 r - a +6 ring of dexterity (right hand)
 x - a +4 ring of evasion (left hand)
 B - a ring of protection from cold
 F - a +6 ring of intelligence
 K - an amulet of reflection (around neck)
Wands
 p - a wand of paralysis (1)
 s - a wand of polymorph (10)
 z - a wand of flame (19)
 A - a wand of digging (8)
Scrolls
 b - 2 scrolls of silence
 g - 9 scrolls of teleportation
 h - a scroll of enchant armour
 j - 3 scrolls of poison
 k - a scroll of amnesia
 E - a scroll of fear
 N - a scroll of blinking
Potions
 e - 2 potions of curing
 f - 4 potions of brilliance
 i - a potion of flight
 n - 3 potions of heal wounds
 o - 3 potions of lignification
 q - 2 potions of cancellation
 v - 5 potions of mutation
 w - a potion of resistance
 H - a potion of magic
 I - a potion of ambrosia
 J - a potion of might
 Q - a potion of berserk rage
 R - a potion of haste


   Skills:
 + Level 8.3 Fighting
 * Level 6.2 Long Blades
 + Level 11.4 Axes
 * Level 7.0 Ranged Weapons
 + Level 1.2 Throwing
 + Level 7.2 Armour
 + Level 3.5 Dodging
 + Level 2.9 Stealth
 + Level 8.0 Shields
 * Level 6.7 Evocations


You had 11 spell levels left.
You didn't know any spells.
Your spell library contained the following spells:

 Spells                   Type           Power      Damage    Failure   Level
 Poisonous Vapours        Pois/Air       0%         N/A       100%        2
 Mephitic Cloud           Conj/Pois/Air  0%         N/A       100%        3
 Petrify                  Tmut/Erth      0%         N/A       100%        4
 Iron Shot                Conj/Erth      0%         9d1       100%        6
 Cigotuvi's Dreadful Rot  Necr/Pois/Air  Unusable   N/A       N/A         2

Dungeon Overview and Level Annotations

Branches:
Dungeon (11/15)            Temple (1/1) D:4            Lair (0/5) D:8
    Orc (2/2) D:11            Elf (0/3) Orc:2         Sewer (visited)

Altars:
Ashenzari
Cheibriados
Dithmenos
Elyvilon
Fedhas
Gozag
Hepliaklqana
Kikubaaqudgha
Makhleb
Nemelex Xobeh
Okawaru
Qazlal
Ru
Sif Muna
Trog
Uskayaw
Vehumet
Wu Jian
Xom
Yredelemnul
Zin
The Shining One

Shops:
Orc:1 *   Orc:2 **!*

Annotations:
D:10 2 transporters


Innate Abilities, Weirdness & Mutations

You are immune to sickness and miasma.
Your stone body is resilient. (AC +8)
You are immune to poison.
You resist negative energy. (rN+)
You are resistant to electric shocks. (rElec)
You are resistant to unholy torment.
You are immune to petrification.
Your large and strong wings let you fly.
Your mind is acute. (Int +4, Str/Dex -1)
Your body sometimes deteriorates upon taking damage.


Message History

You block the smoke demon's attack.
The orc sorcerer points at you and mumbles some strange words.
The bolt of fire misses you.
You barely miss the orc sorcerer.
The orc sorcerer is severely wounded.
You barely miss the smoke demon. You block the orc sorcerer's attack.
The smoke demon gestures at you. The ball of steam hits you!!
* * * LOW HITPOINT WARNING * * *
The orc high priest hits you but does no damage.
The smoke demon attacks as you move away!
The smoke demon hits you but does no damage. x2
You block the smoke demon's attack.
You are engulfed in a cloud of scalding steam.
* * * LOW HITPOINT WARNING * * *
You feel a bit more experienced.
The orc high priest is engulfed in a cloud of scalding steam.
Aiming: Paralyse
Press: ? - help, Shift-Dir - straight line, f - smoke demon
Aim: a smoke demon (heavily wounded, chance to affect: 30%)
The smoke demon easily resists.
You block the orc high priest's attack.
The smoke demon hits you but does no damage. x2
You block the smoke demon's attack.
Aiming: Paralyse
Press: ? - help, Shift-Dir - straight line, f/p - smoke demon
Aim: a smoke demon (heavily wounded, chance to affect: 30%)
The smoke demon easily resists.
The orc high priest barely misses you. The smoke demon gestures at you.
The ball of steam hits you!
* * * LOW HITPOINT WARNING * * *
The smoke demon attacks as you move away!
You block the smoke demon's attack. The smoke demon completely misses you.
The smoke demon hits you but does no damage.
Blink to where?
Press: ? - help, Dir - move target, p - smoke demon
As you read the scroll of blinking, it crumbles to dust.
The smoke demon gestures at you. Something smites you!
You die...
Your body crumbles into a pile of gold.

....###.###..###.....##...#
...#*#.$.###..###........##
..#**5#3#3###..####......#
.#*#33§#..o###))###......#
#*#53o###.3§###))###....##
##..5#*,##§..###))###..#.##
#...#*,,,##§..).).)###....#
...#*,,*,,##§.)#....####..##
#.#*,,***,,##...@#...###...#
..,,,**,∩*,,##§§...#.∩###.##
,,*,**∩,,,,,,##..#.....####
..,,,**,∩*,,##§.§..#.∩##
#o#*,,***,,##....#...##
...#*,,*,,##...#....##
#ooo#*,,,##........##
*#...#*,##...###..##
*#...###...###..##


You could see an orc high priest, a smoke demon and a neqoxec (summoned).

Vanquished Creatures
  The ghost of Radamante the Grappler, a journeyman TrFi of Trog (D:11)
  Erica (Orc:1)
  3 death yaks (D:8)
  2 two-headed ogres
  2 orc high priests (Orc:2)
  Nergalle (Orc:1)
  Urug (Orc:2)
  Pikel (D:7)
  3 orc knights
  2 orc sorcerers (Orc:2)
  An ugly thing (D:11)
  5 cyclopes
  A kobold demonologist (D:10)
  5 trolls
  A wraith (D:10)
  A ynoxinul (D:11)
  7 yaks
  2 wyverns
  2 shadows (D:11)
  A fire bat (shapeshifter) (D:11)
  A chaos spawn (Orc:2)
  A neqoxec (Orc:2)
  2 vampire mosquitoes (D:11)
  3 steam dragons
  A warg (Orc:1)
  4 water moccasins
  An acid dragon (D:10)
  16 orc warriors
  A sky beast (D:7)
  An ice beast (D:5)
  2 black bears
  2 ogres (Orc:2)
  4 centaurs
  4 lemures (D:7)
  A phantom (D:5)
  2 bullfrogs (D:8)
  13 kobold brigands (D:10)
  3 necrophages
  3 scorpions
  6 wights
  4 howler monkeys
  3 hounds
  A gnoll bouda (D:8)
  7 iguanas
  2 jellies
  15 orc priests
  21 orc wizards
  A hell rat (D:8)
  Robin (D:3)
  14 gnolls
  8 adders
  3 river rats (D:8)
  3 shadow imps
  4 white imps
  An adder zombie (D:2)
  An adder skeleton (D:2)
  3 worms
  A dart slug (D:9)
  50 orcs
  A bat zombie (D:2)
  7 endoplasms
  7 giant cockroaches
  13 goblins
  8 hobgoblins
  16 kobolds
  9 quokkas
  7 ball pythons
  A ball python skeleton (D:2)
  8 bats
  3 frilled lizards
  8 rats
345 creatures vanquished.

Vanquished Creatures (others)
  An orc sorcerer (Orc:2)
  2 kobold brigands
  4 kobolds
  A plant (D:11)
  A withered plant (D:2)
9 creatures vanquished.

Grand Total: 354 creatures vanquished

Notes
Turn   | Place    | Note
-------+----------+-------------------------------------------
     0 | D:1      | Dorkslayer the Gargoyle Fighter began the quest for the
                  | Orb.
     0 | D:1      | Reached XP level 1. HP: 14/14 MP: 1/1
   126 | D:1      | Reached XP level 2. HP: 19/19 MP: 2/2
   265 | D:1      | Reached skill level 2 in Axes
   447 | D:1      | Reached XP level 3. HP: 22/23 MP: 3/3
   772 | D:2      | Reached skill level 1 in Dodging
   772 | D:2      | Reached XP level 4. HP: 10/28 MP: 4/4
  1258 | D:2      | Found a glowing silver altar of Zin.
  1628 | D:2      | Reached skill level 3 in Axes
  1746 | D:3      | You fall into a shaft and drop 3 floors!
  1772 | D:6      | Noticed a scorpion
  1810 | D:6      | Reached XP level 5. HP: 28/33 MP: 5/5
  2016 | D:6      | Reached XP level 6. HP: 20/38 MP: 6/6
  2125 | D:6      | Reached skill level 4 in Axes
  2289 | D:6      | Noticed a black bear
  2298 | D:6      | Killed a black bear
  2299 | D:6      | Reached XP level 7. HP: 42/43 MP: 7/7
  2446 | D:5      | Entered Level 5 of the Dungeon
  2482 | D:5      | Reached skill level 5 in Axes
  2540 | D:5      | Found a glowing drain.
  2559 | Sewer    | Entered a sewer
  2613 | Sewer    | Reached skill level 5 in Armour
  2707 | D:4      | Reached XP level 8. HP: 48/48 MP: 8/8
  2824 | D:3      | Noticed Robin
  2854 | D:3      | Killed Robin
  3107 | D:3      | Identified the +1 scale mail of Courage {Rampage Str-5
                  | Dex+5}
  3887 | D:4      | Reached skill level 1 in Evocations
  3998 | D:4      | Found a staircase to the Ecumenical Temple.
  4010 | Temple   | Entered the Ecumenical Temple
  4410 | D:5      | Reached skill level 6 in Axes
  4532 | D:5      | Reached skill level 5 in Fighting
  4576 | D:5      | Reached skill level 1 in Stealth
  4654 | D:5      | Found a radiant altar of Vehumet.
  4689 | D:5      | Reached XP level 9. HP: 54/54 MP: 9/9
  4828 | D:5      | Reached skill level 5 in Shields
  4968 | D:5      | Found a shadowy altar of Dithmenos.
  5432 | D:7      | Reached skill level 7 in Axes
  5541 | D:7      | Reached skill level 1 in Ranged Weapons
  5607 | D:7      | Reached skill level 1 in Long Blades
  5851 | D:7      | Found a blossoming altar of Fedhas.
  5904 | D:7      | Noticed Pikel
  5914 | D:7      | Killed Pikel
  6125 | D:8      | Noticed a cyclops
  6144 | D:8      | Killed a cyclops
  6145 | D:8      | Reached skill level 8 in Axes
  6145 | D:8      | Reached XP level 10. HP: 42/60 MP: 10/10
  6556 | D:8      | Noticed a death yak
  6557 | D:8      | Found a staircase to the Lair.
  6557 | D:8      | Noticed a death yak
  6582 | D:8      | Noticed a death yak
  6595 | D:8      | Killed a death yak
  6598 | D:8      | Gained mutation: Your mind is acute. (Int +4, Str/Dex -1)
                  | [potion of mutation]
  6598 | D:8      | Gained mutation: Your large and strong wings let you fly.
                  | [potion of mutation]
  6598 | D:8      | Gained mutation: Your magical capacity is low. (-10% MP)
                  | [potion of mutation]
  6598 | D:8      | Lost mutation: Your magical capacity is low. (-10% MP)
                  | [potion of mutation]
  6624 | D:8      | Killed a death yak
  6851 | D:8      | Killed a death yak
  7224 | D:9      | Reached skill level 9 in Axes
  7228 | D:9      | Found a broken altar of Ashenzari.
  7345 | D:9      | Reached XP level 11. HP: 36/66 MP: 11/11
  7463 | D:9      | Identified the +1 pair of gloves of Qiplyas {rElec rN+
                  | Str-3}
  7545 | D:9      | Found a snail-covered altar of Cheibriados.
  7698 | D:9      | Found a glowing golden altar of the Shining One.
  7743 | D:9      | Found an opulent altar of Gozag.
  7999 | D:9      | Found a sacrificial altar of Ru.
  8001 | D:9      | Found a hazy altar of Hepliaklqana.
  8024 | D:10     | Entered Level 10 of the Dungeon
  8071 | D:10     | Found a transporter.
  8087 | D:10     | Found a transporter.
  8093 | D:10     | Found a transporter.
  8241 | D:10     | Found a transporter.
  8311 | D:10     | Noticed a two-headed ogre
  8320 | D:10     | Killed a two-headed ogre
  8321 | D:10     | Reached skill level 5 in Evocations
  8904 | D:10     | Reached skill level 5 in Ranged Weapons
  9025 | D:9      | Became a worshipper of Gozag Ym Sagoz the Greedy
  9169 | D:11     | Found a runed translucent door.
  9169 | D:11     | Noticed Radamante's ghost (journeyman TrFi)
  9194 | D:11     | Found a staircase to the Orcish Mines.
  9204 | D:11     | Noticed a cyclops
  9210 | D:11     | Noticed a cyclops
  9221 | D:11     | Killed a cyclops
  9222 | D:11     | Reached skill level 10 in Axes
  9234 | D:11     | Killed a cyclops
  9356 | D:11     | Noticed a brown ugly thing
  9372 | D:11     | Killed a brown ugly thing
  9453 | D:11     | Noticed a two-headed ogre
  9488 | D:11     | Killed a two-headed ogre
  9832 | D:11     | Noticed a cyclops
  9850 | D:11     | Killed a cyclops
 10247 | D:11     | Killed Radamante's ghost
 10248 | D:11     | Reached skill level 5 in Long Blades
 10248 | D:11     | Reached XP level 12. HP: 40/73 MP: 12/12
 10252 | D:11     | HP: 2/73 [ynoxinul/iron shot (29)]
 10273 | D:11     | Got the Quarto of Hadjma
 10503 | Orc:1    | Entered Level 1 of the Orcish Mines
 10690 | Orc:1    | Found Uwnon's General Store.
 10764 | Orc:1    | Bought a scroll of enchant weapon for 82 gold pieces
 10764 | Orc:1    | Bought a scroll of blinking for 82 gold pieces
 10764 | Orc:1    | Bought a scroll of magic mapping for 82 gold pieces
 10764 | Orc:1    | Noticed Nergalle
 10793 | Orc:1    | Killed Nergalle
 10935 | Orc:1    | Noticed Erica
 10961 | Orc:1    | Killed Erica
 11291 | Orc:2    | Entered Level 2 of the Orcish Mines
 11446 | Orc:2    | Found a staircase to the Elven Halls.
 11683 | Orc:2    | Found Funotwuq's Specific Store.
 11693 | Orc:2    | Found Cirosu's General Store.
 11703 | Orc:2    | Bought a scroll of blinking for 105 gold pieces
 11703 | Orc:2    | Bought a wand of acid (4) for 235 gold pieces
 11850 | Orc:2    | Noticed a soul eater
 11949 | Orc:2    | Noticed Urug
 11961 | Orc:2    | Killed Urug
 12248 | Orc:2    | Found Dab Yqo's Distillery.
 12253 | Orc:2    | Reached skill level 11 in Axes
 12261 | Orc:2    | Found Noulefo's General Store.
 12303 | Orc:2    | Reached skill level 1 in Throwing
 12325 | Orc:2    | Bought a potion of heal wounds for 65 gold pieces
 12325 | Orc:2    | Bought a potion of might for 52 gold pieces
 12325 | Orc:2    | Bought a potion of berserk rage for 65 gold pieces
 12325 | Orc:2    | Bought a potion of haste for 130 gold pieces
 12325 | Orc:2    | Bought a potion of heal wounds for 65 gold pieces
 12325 | Orc:2    | Bought a potion of heal wounds for 65 gold pieces
 12325 | Orc:2    | Bought a potion of cancellation for 104 gold pieces
 12468 | Orc:2    | Noticed an orc high priest
 12483 | Orc:2    | Killed an orc high priest
 12643 | Orc:2    | Gained mutation: Your body sometimes deteriorates upon
                  | taking damage. [a neqoxec]
 12669 | Orc:2    | Noticed an orc high priest
 12682 | Orc:2    | Killed an orc high priest
 12688 | Orc:2    | Noticed an orc high priest
 12702 | Orc:2    | Killed from afar by a smoke demon

Illustrated notes

Levels and vault maps discovered:
D:1:      eino_arrival_water_star, layout_basic
D:2:      layout_loops_corners, basic_altar, serial_undead, serial_undead_a,
          serial_undead_e, serial_undead_f, serial_undead_d, serial_undead_c,
          minmay_indecisive_spiral
D:3:      layout_loops_cross, minivault_19, uniq_robin
D:4:      layout_gridville, minmay_temple_entry_large_hall,
          minmay_misc_feat_encased
D:5:      layout_basic, grunt_dithmenos_shadows, nicolae_vehumet_altar_sigil,
          portal_sewer_entry_f
D:6:      layout_basic, minmay_puff
D:7:      layout_basic, fedhas_altar_fruit_tree, uniq_pikel
D:8:      layout_basic, dpeg_lair_monsters
D:9:      layout_loops_ring, kennysheep_slug_shrine, tso_metal_star,
          evilmike_ruin_ashenzari, nicolae_overflow_hidden_temple
D:10:     layout_small_grid, special_room [special_room_kobold],
          nicolae_transporter_intersection
D:11:     layout_basic, orc_0_dummy, hellmonk_ghost_big_iron, kennysheep_nub,
          amethyst_killhole
Temple:   cyrus_circular_temple
Orc:1:    layout_caves, serial_shops, shop, uniq_nergalle, uniq_erica
Orc:2:    pf_orc_diabolical, layout_diamond_mine, nicolae_specific_store,
          uniq_urug

Skill      XL: |  1  2  3  4  5  6  7  8  9 10 11 12 |
---------------+-------------------------------------+-----
Axes           | 2 3 4 5 6 8 9 10 11 | 11.4
Dodging        | 1 2 3 |  3.5
Armour         | 4 5 6 7 |  7.2
Shields        | 4 6 8 |  8.0
Fighting       | 4 5 6 7 8 |  8.3
Evocations     | 2 3 4 5 6 |  6.7
Stealth        | 1 2 |  2.9
Ranged Weapons | 2 4 5 7 |  7.0
Long Blades    | 2 3 5 6 |  6.2
Throwing       | 1 |  1.2

Action                   |  1- 3 |  4- 6 |  7- 9 | 10-12 || total
-------------------------+-------+-------+-------+-------++-------
Melee: War axe           |   104 |   124 |   449 |   662 ||  1339
       Broad axe         |       |       |       |   172 ||   172
Throw: Throwing net      |       |     1 |       |     2 ||     3
       Boomerang         |       |       |       |    10 ||    10
       Dart              |       |       |       |    14 ||    14
       Javelin           |       |       |       |     1 ||     1
Evoke: Wand              |       |       |     2 |    28 ||    30
  Use: Scroll            |     5 |       |     4 |    17 ||    26
       Potion            |       |       |     2 |    13 ||    15
 Stab: Held in net/web   |       |     1 |       |     4 ||     5
       Invisible         |       |       |       |    11 ||    11
       Distracted        |       |       |       |     3 ||     3
Armor: Scale mail        |    50 |       |       |       ||    50
       Chain mail        |    15 |   102 |   256 |       ||   373
       Plate armour      |       |       |     8 |   363 ||   371
Dodge: Dodged            |    58 |    62 |   216 |   330 ||   666
Block: Buckler           |    25 |    49 |   150 |   421 ||   645
       Reflection        |       |       |     3 |    14 ||    17

Table legend: (Time is in decaauts)
 A = Elapsed time spent in this place.
 B = Non-inter-level travel time spent in this place.
 C = Inter-level travel time spent in this place.
 D = Time resting spent in this place.
 E = Time spent auto-exploring this place.
 F = Levels seen in this place.
 G = Mean time per level.
                   A        B        C        D        E       F      G
               +--------+--------+--------+--------+--------+-----+--------+
         Total |  12878 |  12878 |      0 |    760 |   4880 |  15 |  858.5 |
       Dungeon |  10724 |  10724 |      0 |    254 |   4758 |  11 |  974.9 |
        Temple |     48 |     48 |      0 |      0 |      0 |   1 |   48.0 |
  Orcish Mines |   1984 |   1984 |      0 |    506 |    117 |   2 |  992.0 |
         Sewer |    120 |    120 |      0 |      0 |      5 |   1 |  120.0 |
               +--------+--------+--------+--------+--------+-----+--------+

Top non-repeatable levels by time:
    D:11: 1657 daAuts
   Orc:2: 1354 daAuts
     D:6: 1125 daAuts
     D:2: 1037 daAuts
    D:10: 1008 daAuts
     D:8: 981 daAuts
     D:5: 936 daAuts
     D:9: 861 daAuts
     D:4: 835 daAuts
     D:1: 787 daAuts
     D:7: 786 daAuts
     D:3: 707 daAuts
   Orc:1: 629 daAuts
   Sewer: 120 daAuts
  Temple: 48 daAuts
